 Dungeon Crawl Stone Soup version 0.21.1-1-g345015f (webtiles) character file.

737 Kagorn the Skirmisher (level 7, -1/64 HPs)
             Began as a Hill Orc Fighter on June 23, 2018.
             Was an Initiate of Beogh.
             Succumbed to an orc wizard's poison
             ... on level 4 of the Dungeon.
             The game lasted 00:15:47 (3624 turns).

Kagorn the Skirmisher (Hill Orc Fighter)            Turns: 3624, Time: 00:15:48

Health: -1/64      AC: 14    Str: 26    XL:     7   Next: 74%
Magic:  7/7        EV:  9    Int: 11    God:    Beogh [......]
Gold:   180        SH: 10    Dex: 10    Spells: 6/6 levels left

rFire    . . .     SeeInvis .   f - +1 spear (venom)
rCold    . . .     Gourm    .   c - +0 shield
rNeg     . . .     Faith    .   o - +4 scale mail
rPois    .         Spirit   .   b - +0 helmet
rElec    .         Reflect  .   l - +1 cloak
rCorr    .         Harm     .   (no gloves)
MR       .....                  (no boots)
Stlth    ..........             (no amulet)
HPRegen  0.20/turn              m - +3 ring of intelligence
MPRegen  0.10/turn              (no ring)

@: mighty, lethally poisoned (-1 -> -18)
A: wild magic 1, evolution 1
a: Renounce Religion


You were on level 4 of the Dungeon.
You worshipped Beogh.
Beogh was noncommittal.
You were not hungry.

You visited 1 branch of the dungeon, and saw 4 of its levels.

You collected 180 gold pieces.

Inventory:

Hand Weapons
 a - a +0 war axe
 f - a +1 spear of venom (weapon)
Missiles
 g - 18 poisoned needles
Armour
 b - a +0 helmet (worn)
 c - a +0 shield (worn)
 l - a +1 cloak (worn)
 n - a +1 ring mail of poison resistance
 o - a +4 scale mail (worn)
Jewellery
 m - a +3 ring of intelligence (left hand)
Wands
 r - a wand of paralysis (14)
Scrolls
 e - a scroll of remove curse
 h - a scroll of teleportation
 j - 5 scrolls of identify
Potions
 i - a potion of haste {unknown}
 p - 2 potions of lignification {unknown}
 q - 2 potions of agility
Comestibles
 k - 4 rations


   Skills:
 * Level 6.4 Fighting
 * Level 6.3 Axes
 + Level 4.7 Armour
 + Level 2.4 Dodging
 + Level 4.7 Shields


You had 6 spell levels left.
You didn't know any spells.

Dungeon Overview and Level Annotations

Branches:
Dungeon (4/15)
 Temple: D:4-7

Altars:
Ashenzari
Qazlal
Ru


Innate Abilities, Weirdness & Mutations

Your spells are a little harder to cast, but a little more powerful.
You evolve.


Message History

You block the puff of flame.
You hit something. Something hits you but does no damage.
You are lethally poisoned!
Something hits you but does no damage.
You are more poisoned.
You puncture something!
* * * LOW HITPOINT WARNING * * *
You feel sick. Something hits you.
* * * LOW HITPOINT WARNING * * *
You closely miss something.
* * * LOW HITPOINT WARNING * * *
You feel sick. Beogh accepts your kill.
Reactivating autopickup.
You feel a bit more experienced.
An orc comes into view. It is wielding a dagger.
You puncture the orc!
You kill the orc!
Beogh accepts your kill.
You die...

.........# #.#
.......#.###.#
.#######..##.#
### ##.##.#
#.. #.##.# #..
#.##.# #..
#..#.# #..
##)#.# ###
#@#.# #)..#
o#.รท# #.#.<#
#.##># #. #.#
#. #.#
#######'##.#
#..........#


You could see an orc.

Vanquished Creatures
  Sigmund (D:2)
  An orc warrior (D:4)
  A phantom (D:3)
  Crazy Yiuf (D:3)
  A centaur skeleton (D:4)
  An orc priest (D:4)
  3 orc wizards
  Jessica (D:2)
  An iguana (D:3)
  A hound zombie (D:4)
  8 adders
  2 oozes
  2 worms
  4 dart slugs
  7 orcs
  5 bats
  3 giant cockroaches
  11 hobgoblins
  4 jackals (D:3)
  2 ball pythons (D:1)
  4 frilled lizards
  8 goblins
  8 kobolds
  3 rats
83 creatures vanquished.

Vanquished Creatures (others)
  An orc (D:4)
1 creature vanquished.

Grand Total: 84 creatures vanquished

Notes
Turn   | Place    | Note
-------+----------+-------------------------------------------
     0 | D:1      | Kagorn the Hill Orc Fighter began the quest for the Orb.
     0 | D:1      | Reached XP level 1. HP: 19/19 MP: 1/1
    95 | D:1      | Reached XP level 2. HP: 25/27 MP: 2/2
   676 | D:1      | Reached XP level 3. HP: 33/33 MP: 3/3
  1576 | D:2      | Noticed Sigmund
  1589 | D:2      | Killed Sigmund
  1589 | D:2      | Reached skill level 5 in Fighting
  1589 | D:2      | Reached skill level 1 in Dodging
  1589 | D:2      | Reached XP level 4. HP: 34/42 MP: 4/4
  1589 | D:2      | Reached XP level 5. HP: 39/48 MP: 5/5
  1679 | D:2      | Found a sacrificial altar of Ru.
  1687 | D:2      | Reached XP level 6. HP: 33/56 MP: 6/6
  1740 | D:2      | Found a shattered altar of Ashenzari.
  1794 | D:2      | Noticed Jessica
  1806 | D:2      | Killed Jessica
  1806 | D:2      | Reached skill level 5 in Axes
  2600 | D:3      | Gained mutation: Your spells are a little harder to cast, but a little more powerful. [potion of mutation]
  2600 | D:3      | Gained mutation: You evolve. [potion of mutation]
  2663 | D:3      | Found a stormy altar of Qazlal.
  2706 | D:3      | Noticed a phantom
  2766 | D:3      | Killed a phantom
  2766 | D:3      | Reached XP level 7. HP: 36/62 MP: 7/7
  3096 | D:3      | Found a runed door.
  3101 | D:3      | Noticed Crazy Yiuf
  3107 | D:3      | Killed Crazy Yiuf
  3487 | D:4      | Became a worshipper of Beogh the Brigand
  3622 | D:4      | HP: 3/64 [something (1)]
  3623 | D:4      | HP: 1/64 [poisoned by an orc wizard]
  3624 | D:4      | Succumbed to an orc wizard's poison

Skill      XL: |  1  2  3  4  5  6  7 |
---------------+----------------------+-----
Axes           | 3 4 5 6 |  6.3
Fighting       | 4 5 6 |  6.4
Dodging        | 1 2 |  2.4
Armour         | 4 |  4.7
Shields        | 4 |  4.7

Action                   |  1- 3 |  4- 6 |  7- 9 || total
-------------------------+-------+-------+-------++-------
Melee: War axe           |    56 |       |       ||    56
       Spear             |    22 |   181 |    68 ||   271
Invok: Convert to Beogh  |       |       |     1 ||     1
  Use: Potion            |       |     6 |     1 ||     7
       Scroll            |       |     5 |       ||     5
 Stab: Invisible         |       |     1 |       ||     1
  Eat: Ration            |     2 |       |     1 ||     3
Armor: Scale mail        |    39 |    76 |    19 ||   134
Dodge: Dodged            |    18 |    68 |    13 ||    99
Block: Shield            |    33 |    89 |    29 ||   151
